 Dungeon Crawl Stone Soup version 0.16.1-16-gc44b35d (webtiles) character file.

78 Siriah the Charmwright (level 4, -1/30 HPs)
             Began as a High Elf Skald on Apr 18, 2015.
             Was an Initiate of Ru.
             Slain by a sky beast (5 damage)
             ... on level 3 of the Dungeon.
             The game lasted 00:08:14 (2163 turns).

Siriah the Charmwright (High Elf Skald)             Turns: 2163, Time: 00:08:14

Health: -1/30      AC:  4    Str: 11    XL:     4   Next: 15%
Magic:  11/11      EV:  9    Int: 17    God:    Ru [......]
Gold:   100        SH:  8    Dex: 14    Spells: 3 memorised, 3 levels left

rFire  . . .     SeeInvis .     a - +0 falchion
rCold  . . .     Clarity  .     b - +1 leather armour
rNeg   . . .     SustAb   .     o - +2 shield
rPois  .         Gourm    .     (no helmet)
rElec  .         Spirit   .     (no cloak)
rCorr  .         Warding  .     (no gloves)
rMut   .         Stasis   .     (no boots)
MR     .....                    (no amulet)
Stlth  +.........               (no ring)
                                (no ring)

@: very slightly contaminated, hasted, very quick, not resistant to hostile
enchantments, very unstealthy
A: no striking features
a: Renounce Religion


You were on level 3 of the Dungeon.
You worshipped Ru.
Ru was noncommittal.
You were hungry.

You visited 1 branch of the dungeon, and saw 3 of its levels.

You collected 100 gold pieces.

Inventory:

Hand weapons
 a - a +0 falchion (weapon)
Armour
 b - a +1 leather armour (worn)
 o - a +2 shield (worn)
Scrolls
 h - a scroll of amnesia {unknown}
 n - a scroll of enchant weapon {unknown}
 q - a scroll of random uselessness {unknown}
 s - a scroll of identify {unknown}
Potions
 e - a potion of haste
 i - a potion of cancellation {unknown}
 k - a potion of heal wounds {unknown}
 l - 2 potions of curing {unknown}
 m - a potion of brilliance {unknown}
 p - 2 potions of poison {unknown}
 t - a potion of cure mutation {unknown}
Books
 c - a book of Battle

   Spells                             Type                      Level
   a - Infusion                       Charms                       1
   b - Shroud of Golubria             Charms/Translocation         2
   c - Song of Slaying                Charms                       2
   d - Spectral Weapon                Hexes/Charms                 3
   e - Regeneration                   Charms/Necromancy            3
Comestibles
 d - 2 bread rations
 f - 2 chunks of flesh
 g - a beef jerky
 j - a royal jelly
 r - a meat ration


   Skills:
 + Level 2.4 Fighting
 + Level 3.1 Long Blades
 + Level 1.3 Armour
 + Level 1.9 Dodging
 + Level 2.9 Spellcasting
 + Level 4.4 Charms


You had 3 spell levels left.
You knew the following spells:

 Your Spells              Type           Power        Failure   Level  Hunger
a - Infusion              Chrm           ###...       28%         1    None
b - Song of Slaying       Chrm           ###.....     41%         2    ##.....
c - Shroud of Golubria    Chrm/Tloc      ##........   93%         2    ##.....


Dungeon Overview and Level Annotations

Branches:
Dungeon (3/15)

Altars:
Ru


Message History

There is a stone staircase leading up here.
A sky beast appears from thin air!
Reactivating autopickup.
An adder comes into view.
The sky beast flickers out of sight!
Deactivating autopickup; reactivate with Ctrl-A.
The adder bites you.
* * * LOW HITPOINT WARNING * * *
You block the adder's attack.
Found a scroll labeled OWIAZO XILAGO.
The adder bites you.
* * * LOW HITPOINT WARNING * * *
Drink which item? (? for menu, Esc to quit)
It was a potion of haste.
You feel yourself speed up. The adder barely misses you.
You are very lightly contaminated with residual magic.
A goblin comes into view. It is wielding a dagger.
Found 19 bolts.
Something hits you.
You die...

.# .# .#
?#
#####.####
#...S..(.#
#.##g###.#
#....# .#
####@###.#
#.....#
###.###
#.# # #.#
.#
#######<#
.#
#.......#
.#
#.#######
.# #ยง#


You could see an adder and a goblin.

Vanquished Creatures
  3 adders
  A giant mite (D:1)
  A worm (D:2)
  A giant gecko (D:1)
  6 bats (D:1)
  2 giant cockroaches (D:2)
  A goblin (D:1)
  5 hobgoblins
  6 jackals
  A ball python (D:2)
  3 kobolds
  10 rats
40 creatures vanquished.

Notes
Turn   | Place    | Note
--------------------------------------------------------------
     0 | D:1      | Siriah, the High Elf Skald, began the quest for the Orb.
     0 | D:1      | Reached XP level 1. HP: 14/14 MP: 4/4
     1 | D:1      | Noticed an electric eel
    81 | D:1      | Reached skill level 4 in Charms
    84 | D:1      | Reached XP level 2. HP: 5/19 MP: 1/6
   292 | D:1      | Reached skill level 1 in Armour
   500 | D:1      | Learned a level 2 spell: Song of Slaying
   503 | D:1      | Learned a level 2 spell: Shroud of Golubria
   970 | D:1      | Reached XP level 3. HP: 24/24 MP: 5/8
  1128 | D:2      | Found a sacrificial altar of Ru.
  1169 | D:2      | Became a worshipper of Ru the Awakened
  1934 | D:2      | Reached XP level 4. HP: 21/30 MP: 6/11
  2099 | D:3      | Noticed a sky beast
  2163 | D:3      | Slain by a sky beast

Action                   |  1- 3 |  4- 6 || total
-------------------------+-------+-------++-------
Melee: Falchion          |   108 |    12 ||   120
 Cast: Infusion          |    16 |     1 ||    17
       Song of Slaying   |     3 |       ||     3
  Use: Scroll            |     3 |       ||     3
       Potion            |       |     1 ||     1
  Eat: Chunk             |     3 |     1 ||     4
